 Dungeon Crawl Stone Soup version 0.21.1-1-g345015f (webtiles) character file.

2712 inc the Gouger (level 9, -3/44 HPs)
             Began as a Felid Transmuter on June 10, 2018.
             Was an Elder of Nemelex Xobeh.
             Slain by a yak (16 damage)
             ... on level 10 of the Dungeon.
             The game lasted 00:26:00 (14552 turns).

inc the Gouger (Felid Transmuter)                  Turns: 14552, Time: 00:26:01

Health: -3/44      AC:  2    Str: 10    XL:     9   Next: 39%
Magic:  9/13       EV: 26    Int: 19    God:    Nemelex Xobeh [****..]
Gold:   587        SH:  0    Dex: 21    Spells: 5/12 levels left
                                        Lives:  0   Deaths: 2

rFire    . . .     SeeInvis +     - Unarmed
rCold    + . .     Gourm    .   (shield unavailable)
rNeg     . . .     Faith    .   (armour unavailable)
rPois    x         Spirit   .   (helmet unavailable)
rElec    .         Reflect  .   (cloak unavailable)
rCorr    .         Harm     .   (gloves unavailable)
MR       +....                  (boots unavailable)
Stlth    ++........             (no amulet)
HPRegen  0.14/turn              l - ring of protection from cold
MPRegen  0.13/turn              m - +3 ring of strength

@: spider-form
A: tiny, no armour, no weapons or thrown items, stealth, rugged brown scales 1,
see invisible, carnivore, clever 1, slow metabolism 1, MP-powered wands
a: End Transformation, Triple Draw, Deal Four, Renounce Religion


You were on level 10 of the Dungeon.
You worshipped Nemelex Xobeh.
Nemelex Xobeh was greatly pleased with you.
You were not hungry.
You were a venomous arachnid creature.
You visited 1 branch of the dungeon, and saw 10 of its levels.
You also visited: Bailey.

You collected 637 gold pieces.
You spent 50 gold pieces at shops.

Inventory:

Missiles
 a - 161 arrows
Jewellery
 g - an uncursed ring of resist corrosion
 l - a ring of protection from cold (left front leg)
 m - a +3 ring of strength (right front leg)
 s - an uncursed ring of protection from magic
 A - an uncursed ring of positive energy
 P - a cursed ring of loudness {unknown}
Wands
 d - a wand of iceblast (14)
 h - a wand of polymorph (6)
 j - a wand of random effects (21)
 u - a wand of paralysis (5)
 w - a wand of scattershot (13)
 z - a wand of digging (9)
 G - a wand of acid (12)
Scrolls
 e - a scroll of immolation {unknown}
 f - 3 scrolls of remove curse
 i - a scroll of magic mapping
 k - 3 scrolls of identify
 n - 5 scrolls of teleportation
 p - 3 scrolls of fog
 t - 2 scrolls of noise
 E - a scroll of enchant armour {unknown}
 F - 2 scrolls of amnesia {unknown}
 J - a scroll of enchant weapon {unknown}
 N - 2 scrolls of random uselessness {unknown}
Potions
 q - a potion of might
 r - 3 potions of haste
 x - a potion of heal wounds
 K - a potion of agility
 L - a potion of ambrosia {unknown}
 M - a potion of degeneration {unknown}
Books
 b - a book of Changes

   Spells                             Type                      Level
   a - Beastly Appendage              Transmutation                1
   b - Sticks to Snakes               Transmutation                2
   c - Spider Form                    Transmutation/Poison         3
   d - Ice Form                       Ice/Transmutation            4
   e - Blade Hands                    Transmutation                5
 C - a book of Misfortune

   Spells                             Type                      Level
   a - Confusing Touch                Hexes                        1
   b - Confuse                        Hexes                        3
   c - Gell's Gravitas                Translocation                3
   d - Petrify                        Transmutation/Earth          4
   e - Metabolic Englaciation         Hexes/Ice                    5
   f - Yara's Violent Unravelling     Hexes/Transmutation          5
Miscellaneous
 o - an ornate deck of summoning {drawn: 6}
 v - an ornate deck of summoning
 y - a plain deck of escape
 B - an ornate deck of summoning
 D - a plain deck of summoning
 H - a legendary deck of destruction {drawn: 3}
 I - an ornate deck of destruction {drawn: 5}
 O - a plain deck of destruction
Comestibles
 c - 11 rations


   Skills:
 - Level 7.5 Fighting
 - Level 6.0 Dodging
 - Level 9.2 Unarmed Combat
 - Level 2.0 Spellcasting
 - Level 4.9 Hexes
 + Level 8.5 Transmutations
 - Level 5.1 Invocations


You had 5 spell levels left.
You knew the following spells:

 Your Spells              Type           Power        Failure   Level  Hunger
a - Beastly Appendage     Tmut           ####..       3%          1    #......
b - Sticks to Snakes      Tmut           ####....     4%          2    ###....
c - Spider Form           Tmut/Pois      ###.......   22%         3    ###....
d - Confusing Touch       Hex            ###...       9%          1    #......


Dungeon Overview and Level Annotations

Branches:
Dungeon (10/15)            Temple (0/1) D:5            Lair (0/6) D:10
    Orc: D:9-12

Altars:
Elyvilon
Gozag
Nemelex Xobeh
Uskayaw
Vehumet
Yredelemnul
Zin
The Shining One

Shops:
D:7 :   D:9 !


Innate Abilities, Weirdness & Mutations

You cannot wear armour.
You are incapable of wielding weapons or throwing items.
Your paws allow you to move quietly. (Stealth)
((You have sharp claws.))
((You have razor-sharp teeth.))
You have supernaturally acute eyesight. (SInv)
You are carnivorous and can eat meat at any time.
((You cover ground quickly.))
((Your thick and shaggy fur keeps you warm. (AC +3, rC+)))
You have a slow metabolism.
((Your sharp claws are effective at attacking unaware monsters.))
(You are partially covered in rugged brown scales. (AC +1, +3% HP))
Your mind is acute. (Int +2)
You expend magic power (3 MP) to strengthen your wands.


Message History

You hit the yak.
The yak is moderately wounded.
The yak misses you.
You completely miss the yak.
The yak is moderately wounded.
The yak gores you!
* * * LOW HITPOINT WARNING * * *
Unknown command.
Okay, then.
You feel much better. The yak misses you. x2
You hit the yak.
The yak looks as sick as possible!
The yak is moderately wounded.
The yak completely misses you. x2
You hit the yak.
The yak looks as sick as possible!
The yak is severely wounded.
The yak gores you!
* * * LOW HITPOINT WARNING * * *
The yak gores you!
You die...
Your body glows with a rainbow of weird colours and disappears.

.. #.#.#.......... ..
.#.#..######## ..
#.#..#....... #.
#.#..#....... #.
#.#..#....... ######.
#....##..##.#
.......########'###..##.#
.......YY........#.......
.......#s........#.......
..:.Y..#.........#.......
.......#.........#.......
.......#....######.######
.......###### #. ###....
# #....


You could see 2 yaks.

Vanquished Creatures
  Pikel (D:7)
  Maurice (D:9)
  A troll (D:9)
  Prince Ribbit (D:5)
  A dream sheep (D:9)
  3 yaks (D:10)
  Menkaure (D:7)
  2 water moccasins (D:9)
  4 orc warriors
  An ice beast (D:9)
  A phantom (D:9)
  2 ogres
  2 centaurs
  A big kobold (D:9)
  3 bullfrogs
  4 scorpions
  A wight (D:6)
  A howler monkey (D:5)
  2 bullfrog zombies
  A quasit (D:7)
  A centaur zombie (D:9)
  5 orc priests
  A hound (D:5)
  5 jellies
  3 orc wizards
  An iguana (D:5)
  6 worker ants
  A hound zombie (D:9)
  12 adders
  3 gnolls (D:4)
  11 oozes
  An adder zombie (D:7)
  An adder skeleton (D:6)
  3 worms
  A dart slug (D:1)
  4 leopard geckos
  27 orcs
  4 giant cockroaches
  10 goblins
  10 hobgoblins
  14 jackals (D:3)
  3 quokkas
  7 bats
  2 frilled lizards
  A jackal skeleton (D:6)
  24 kobolds
  A leopard gecko skeleton (D:4)
  10 rats
206 creatures vanquished.

Vanquished Creatures (collateral kills)
  The ghost of infcreate the Cleaver, a novice MiFi (D:6)
  An orc knight (Bailey)
  A hungry ghost (D:4)
  3 orc warriors (Bailey)
  A black bear (D:5)
  2 ogres
  4 wights (D:6)
  An orc wizard (D:4)
  An iguana (D:6)
  2 worker ants (D:4)
  An adder (D:4)
  9 orcs
  2 giant cockroaches (D:4)
  A jackal (D:3)
30 creatures vanquished.

Vanquished Creatures (others)
  A slave (D:7)
  An adder (D:7)
  An adder zombie (D:7)
  A quokka (D:7)
  3 fungi (D:4)
  12 toadstools (D:4)
19 creatures vanquished.

Grand Total: 255 creatures vanquished

Notes
Turn   | Place    | Note
-------+----------+-------------------------------------------
     0 | D:1      | inc the Felid Transmuter began the quest for the Orb.
     0 | D:1      | Reached XP level 1. HP: 9/9 MP: 4/4
   194 | D:1      | Reached XP level 2. HP: 5/12 MP: 4/6
  1208 | D:1      | Reached XP level 3. HP: 7/15 MP: 7/7
  1712 | D:2      | Found a basalt altar of Yredelemnul.
  1751 | D:2      | Reached skill level 5 in Dodging
  2505 | D:2      | Reached XP level 4. HP: 19/19 MP: 6/8
  3173 | D:3      | Learned a level 2 spell: Sticks to Snakes
  3832 | D:3      | Reached XP level 5. HP: 14/22 MP: 1/9
  4215 | D:3      | Found a sparkling altar of Nemelex Xobeh.
  4231 | D:3      | Became a worshipper of Nemelex Xobeh the Trickster
  4575 | D:3      | Reached skill level 1 in Invocations
  4910 | D:3      | Found a glowing silver altar of Zin.
  4986 | D:3      | Found an opulent altar of Gozag.
  5560 | D:4      | Received a gift from Nemelex Xobeh
  5634 | D:4      | Gained mutation: You are covered in thick fur. (AC +2) [Felid growth]
  5634 | D:4      | Reached XP level 6. HP: 14/25 MP: 8/10
  6012 | D:4      | Noticed a hungry ghost
  6023 | D:4      | Killed a hungry ghost
  6486 | D:3      | Learned a level 3 spell: Spider Form
  6500 | D:4      | Reached skill level 5 in Invocations
  6674 | D:4      | Reached XP level 7. HP: 28/28 MP: 9/11
  7247 | D:4      | Reached skill level 4 in Unarmed Combat
  7722 | D:4      | Reached * piety under Nemelex Xobeh
  7852 | D:5      | Entered Level 5 of the Dungeon
  8243 | D:5      | Reached skill level 5 in Unarmed Combat
  8475 | D:5      | Noticed Prince Ribbit
  8492 | D:5      | Killed Prince Ribbit
  8492 | D:5      | Reached skill level 6 in Unarmed Combat
  8580 | D:5      | Received a gift from Nemelex Xobeh
  8600 | D:5      | You fall through a shaft for 2 floors!
  8600 | D:7      | Noticed Menkaure
  8607 | D:7      | Killed Menkaure
  8607 | D:7      | Reached XP level 8. HP: 29/32 MP: 9/12
  8712 | D:6      | Found a hide-covered altar of Uskayaw.
  8717 | D:6      | Noticed infcreate's ghost (novice MiFi)
  8747 | D:6      | Found a white marble altar of Elyvilon.
  8972 | D:6      | Reached skill level 7 in Unarmed Combat
  8984 | D:6      | Killed infcreate's ghost
  8984 | D:6      | Reached skill level 8 in Unarmed Combat
  9636 | D:6      | Reached skill level 9 in Unarmed Combat
 10246 | D:5      | Found a staircase to the Ecumenical Temple.
 10493 | D:5      | Reached XP level 9. HP: 32/37 MP: 13/13
 10509 | D:6      | Received a gift from Nemelex Xobeh
 10542 | D:6      | Found a radiant altar of Vehumet.
 10783 | D:6      | Found a glowing golden altar of the Shining One.
 11030 | D:7      | Reached ** piety under Nemelex Xobeh
 11211 | D:7      | Received a gift from Nemelex Xobeh
 11272 | D:7      | Learned a level 1 spell: Confusing Touch
 11292 | D:7      | Noticed Pikel
 11297 | D:7      | Reached skill level 1 in Hexes
 11306 | D:7      | Killed Pikel
 11306 | D:7      | Reached skill level 5 in Fighting
 11538 | D:7      | Received a gift from Nemelex Xobeh
 11624 | D:7      | Found Idycasm's Book Shop.
 12015 | D:9      | Received a gift from Nemelex Xobeh
 12031 | D:9      | Reached *** piety under Nemelex Xobeh
 12113 | D:9      | Found Fatek's Distillery.
 12307 | D:9      | Found a flagged portal.
 12355 | Bailey   | Entered a bailey
 12645 | Bailey   | Noticed an orc knight
 12671 | Bailey   | Killed an orc knight
 12671 | Bailey   | Reached skill level 5 in Transmutations
 12755 | Bailey   | Received a gift from Nemelex Xobeh
 12832 | D:9      | Noticed a troll
 12839 | D:9      | HP: 2/42 [ice beast (4)]
 12840 | D:9      | Slain by a troll
 12841 | D:9      | Reached XP level 8. HP: -2/39 MP: 9/12
 12891 | D:9      | Reached XP level 9. HP: 21/43 MP: 11/13
 13150 | D:9      | Bought a potion of heal wounds for 50 gold pieces
 13150 | D:9      | Gained mutation: You possess an exceptional clarity of mind. [potion of mutation]
 13150 | D:9      | Gained mutation: Your body sometimes deteriorates upon taking damage. [potion of mutation]
 13150 | D:9      | Gained mutation: Your mind is acute. (Int +2) [potion of mutation]
 13150 | D:9      | Gained mutation: Your thick and shaggy fur keeps you warm. (AC +3, rC+) [potion of mutation]
 13151 | D:9      | Lost mutation: Your body sometimes deteriorates upon taking damage. [potion of mutation]
 13151 | D:9      | Lost mutation: You possess an exceptional clarity of mind. [potion of mutation]
 13151 | D:9      | Gained mutation: You expend magic power (3 MP) to strengthen your wands. [potion of mutation]
 13151 | D:9      | Gained mutation: You are partially covered in rugged brown scales. (AC +1, +3% HP) [potion of mutation]
 13424 | D:9      | Slain by a troll
 13425 | D:9      | Reached XP level 8. HP: -2/41 MP: 11/12
 13496 | D:9      | Killed a troll
 13618 | D:9      | Noticed a two-headed ogre
 13634 | D:9      | Noticed a dream sheep
 13634 | D:9      | a two-headed ogre changed into a dream sheep
 13642 | D:9      | Killed a dream sheep
 13899 | D:9      | Noticed Maurice
 13921 | D:9      | Killed Maurice
 13921 | D:9      | Reached XP level 9. HP: 29/44 MP: 11/13
 14287 | D:10     | Entered Level 10 of the Dungeon
 14287 | D:10     | Found a staircase to the Lair.
 14308 | D:10     | Received a gift from Nemelex Xobeh
 14371 | D:10     | Reached **** piety under Nemelex Xobeh
 14549 | D:10     | HP: 1/44 [yak (16)]
 14552 | D:10     | Slain by a yak

Skill      XL: |  1  2  3  4  5  6  7  8  9 |
---------------+----------------------------+-----
Dodging        | 3 4 5 6 |  6.0
Transmutations | 3 4 7 8 |  8.5
Invocations    | 2 5 |  5.1
Unarmed Combat | 6 9 |  9.2
Fighting       | 7 6 |  7.5
Hexes          | 4 |  4.9
Spellcasting   | |  2.0

Action                   |  1- 3 |  4- 6 |  7- 9 || total
-------------------------+-------+-------+-------++-------
Melee: Unarmed           |   171 |   220 |   436 ||   827
       Headbutt          |    11 |    34 |    17 ||    62
       Bite              |     7 |    13 |    24 ||    44
       Punch             |     3 |     3 |     8 ||    14
 Cast: Beastly Appendage |    14 |    24 |    18 ||    56
       Sticks to Snakes  |       |     8 |     8 ||    16
       Spider Form       |       |     1 |    25 ||    26
       Confusing Touch   |       |       |     1 ||     1
Evoke: Deck              |       |     1 |    13 ||    14
  Use: Potion            |       |     6 |     5 ||    11
       Scroll            |       |       |     6 ||     6
 Stab: Sleeping          |     2 |     5 |     7 ||    14
       Distracted        |       |     2 |     1 ||     3
  Eat: Chunk             |     2 |    15 |    22 ||    39
       Ration            |       |       |     1 ||     1
Armor: Skin              |     6 |     6 |    19 ||    31
Dodge: Dodged            |   165 |   171 |   424 ||   760
